 Dungeon Crawl Stone Soup version 0.18.1-5-g4a78601 (webtiles) character file.

548 pipel the Chopper (level 7, 0/61 HPs)
             Began as a Hill Orc Chaos Knight on May 14, 2016.
             Slain by a quokka (1 damage)
             ... on level 4 of the Dungeon.
             The game lasted 00:08:45 (4477 turns).

pipel the Chopper (Hill Orc Chaos Knight)           Turns: 4477, Time: 00:08:45

Health: 0/61       AC:  9    Str: 15    XL:     7   Next: 28%
Magic:  7/7        EV:  7    Int: 12    God:    Xom [.*....]
Gold:   225        SH:  0    Dex: 10    Spells: 0 memorised, 6 levels left

rFire  . . .     SeeInvis .     a - +0 broad axe
rCold  . . .     Gourm    .     j - +0 chain mail
rNeg   . . .     Faith    .     (no shield)
rPois  .         Spirit   .     (no helmet)
rElec  .         Dismiss  .     (no cloak)
rCorr  +         Reflect  .     (no gloves)
SustAt .         Harm     .     (no boots)
MR     .....                    (no amulet)
Stlth  ..........               (no ring)
                                m - ring of resist corrosion

@: drained, not resistant to hostile enchantments, extremely unstealthy
A: blurry vision 1, screaming 1, weak 1
a: Renounce Religion


You were on level 4 of the Dungeon.
You worshipped Xom.
You were a plaything of Xom.
You were not hungry.

You visited 1 branch of the dungeon, and saw 4 of its levels.

You collected 225 gold pieces.

Inventory:

Hand Weapons
 a - a +0 broad axe (weapon)
 s - a +0 hand axe of chaos
Missiles
 d - 20 stones (quivered)
 o - 3 tomahawks
Armour
 b - a +2 leather armour
 j - a +0 chain mail (worn)
Jewellery
 m - a ring of resist corrosion (left hand)
Wands
 n - a wand of enslavement (0/24)
Scrolls
 k - a scroll of remove curse
 l - a scroll of identify
 r - a scroll of magic mapping
Potions
 e - a potion of brilliance
 f - a potion of curing
 q - a potion of cancellation
Comestibles
 c - 2 bread rations
 g - 18 fruits
 h - 2 slices of pizza
 i - a meat ration


   Skills:
 + Level 5.6(5.0) Fighting
 + Level 6.1(5.4) Axes
 + Level 4.4(3.8) Armour
 + Level 3.2(2.5) Dodging
 - Level 1.0(0.4) Stealth


You had 6 spell levels left.
You didn't know any spells.

Dungeon Overview and Level Annotations

Branches:
Dungeon (4/15)
 Temple: D:4-7

Altars:
Xom

Annotations:
D:4 Grinder


Innate Abilities, Weirdness & Mutations

Scrolls take you a little longer to read.
You occasionally shout uncontrollably at your foes.
You are weak. (Str -2)


Message History

The quokka bites you but does no damage.
You miss the quokka.
The quokka is almost dead.
The quokka bites you but does no damage.
Grinder hits you!
* * * LOW HITPOINT WARNING * * *
You writhe in agony.
* * * LOW HITPOINT WARNING * * *
You take 11 damage, and have 1/61 hp.
Drink which item? (? for menu, Esc to quit)
Okay, then.
Evoke which item? (* to show all) (? for menu, Esc to quit)
Zapping:
n - a wand of enslavement {zapped: 11} (will waste charges)
Press: ? - help, Shift-Dir - straight line, f - Grinder
Aim: Grinder (chance to defeat MR: 46%) Grinder resists with some effort.
Evoking this partially-identified wand wasted a few charges.
The quokka bites you.
You die...
Xom roars with laughter!

...###.....#.....#.#'#....##.#...
...###.....#.....#.........#.#...
...........#.#+#.#.........#...#.
#.####.#...#. #.#.........#####.
.......#...#. #.#.#.............
#.######...#. #.#.##############
#... ..... #.#......# #..##
#5##.....# #..# #@##.....# #..#
......r.##.....# #...
##########.....###### ...
#........##...#
########.##....###.#.####
#.....<..#.....#...#.....
#........#.#####.#.###..#
#.............##...# #..#
#########........#....##.#.# #..#


You could see Grinder and a quokka.

Vanquished Creatures
  The ghost of stepppan the Skirmisher, an amateur DsAK of Lugonu (D:4)
  A howler monkey (shapeshifter) (D:3)
  An orc priest (D:4)
  An orc wizard (D:4)
  A giant frog skeleton (D:4)
  Ijyb (D:2)
  3 gnolls (D:3)
  10 adders
  An ooze (D:2)
  2 worms
  2 dart slugs
  4 giant geckos
  10 orcs
  7 bats
  8 giant cockroaches
  9 goblins
  4 hobgoblins
  3 jackals
  10 kobolds
  A quokka (D:3)
  A ball python (D:2)
  2 giant newts (D:1)
  8 rats
91 creatures vanquished.

Vanquished Creatures (collateral kills)
  An orc priest (D:4)
  An adder skeleton (D:4)
2 creatures vanquished.

Vanquished Creatures (others)
  An adder (D:4)
  A hound skeleton (D:4)
2 creatures vanquished.

Grand Total: 95 creatures vanquished

Notes
Turn   | Place    | Note
--------------------------------------------------------------
     0 | D:1      | pipel the Hill Orc Chaos Knight began the quest for the Orb.
     0 | D:1      | Reached XP level 1. HP: 19/19 MP: 1/1
   215 | D:1      | Reached skill level 1 in Dodging
   227 | D:1      | XOM is BORED!
   227 | D:1      | XOM: harmless Tloc miscast
   232 | D:1      | Reached XP level 2. HP: 27/27 MP: 2/2
   260 | D:1      | Found a shimmering altar of Xom.
   486 | D:2      | Reached XP level 3. HP: 18/33 MP: 3/3
   619 | D:1      | XOM: harmless Fire miscast
   661 | D:1      | XOM: harmless Pois miscast
   794 | D:2      | Noticed Ijyb
   810 | D:2      | Killed Ijyb
   810 | D:2      | Reached XP level 4. HP: 35/41 MP: 4/4
   954 | D:2      | XOM: divination: detect creatures
  1078 | D:2      | XOM: harmless Summ miscast
  1096 | D:2      | Reached skill level 5 in Axes
  1236 | D:2      | XOM: mild Ice miscast
  1483 | D:1      | Found a shimmering altar of Xom.
  1588 | D:2      | XOM: medium Necr miscast
  1589 | D:2      | Noticed a shadow
  1589 | D:2      | Noticed a shadow
  1940 | D:2      | Reached XP level 5. HP: 45/47 MP: 5/5
  2037 | D:3      | XOM: noise
  2297 | D:3      | XOM: colour smoke trail
  2477 | D:3      | Noticed a porcupine
  2477 | D:3      | an orc wizard changed into a porcupine
  2809 | D:4      | Noticed stepppan's ghost (amateur DsAK)
  2887 | D:3      | Noticed a wolf
  2887 | D:3      | XOM: stat loss: -1 Dex (9/10)
  2887 | D:3      | Noticed a big kobold
  2887 | D:3      | a wolf changed into a big kobold
  2889 | D:3      | Noticed a wasp
  2889 | D:3      | a big kobold changed into a wasp
  2891 | D:3      | a wasp changed into a howler monkey
  2904 | D:3      | Reached skill level 5 in Fighting
  2931 | D:3      | Reached XP level 6. HP: 28/56 MP: 6/6
  3176 | D:3      | XOM: mild Tloc miscast
  3265 | D:4      | XOM: chaos cloud
  3269 | D:3      | XOM: mild Conj miscast
  3575 | D:3      | XOM: stat loss: -1 Str (16/17)
  3630 | D:4      | XOM: noise
  3631 | D:4      | XOM: harmless Conj miscast
  3635 | D:4      | Killed stepppan's ghost
  3635 | D:4      | Reached skill level 6 in Axes
  3635 | D:4      | Reached skill level 1 in Stealth
  3635 | D:4      | Reached XP level 7. HP: 36/61 MP: 7/7
  3849 | D:4      | XOM: severe Erth miscast
  3899 | D:4      | XOM: give mutations
  3899 | D:4      | Gained mutation: You occasionally shout uncontrollably at your foes. [Xom's mischief]
  3899 | D:4      | Gained mutation: Scrolls take you a little longer to read. [Xom's mischief]
  3899 | D:4      | Gained mutation: You are weak. (Str -2) [Xom's mischief]
  4426 | D:4      | Noticed Grinder
  4476 | D:4      | HP: 1/61 [Grinder (5)]
  4477 | D:4      | Slain by a quokka

Skill      XL: |  1  2  3  4  5  6 |
---------------+-------------------+-----
Dodging        | 1 2 3 |  3.2
Fighting       | 4 5 |  5.6
Axes           | 5 6 |  6.1
Armour         | 4 |  4.4
Stealth        | 1 |  1.0

Action                   |  1- 3 |  4- 6 |  7- 9 || total
-------------------------+-------+-------+-------++-------
Melee: Hand axe          |    96 |   235 |    14 ||   345
       Broad axe         |       |       |    54 ||    54
Throw: Stone             |       |     1 |       ||     1
Evoke: Wand              |       |       |     5 ||     5
  Use: Scroll            |       |     5 |       ||     5
       Potion            |       |     4 |     2 ||     6
 Stab: Paralysed         |       |     1 |       ||     1
       Petrifying        |       |     1 |       ||     1
  Eat: Chunk             |       |     9 |     3 ||    12
Armor: Leather armour    |    40 |    29 |       ||    69
       Chain mail        |       |   103 |    71 ||   174
Dodge: Dodged            |    70 |   119 |    30 ||   219
